 Dungeon Crawl Stone Soup version 0.29.1-13-g9f3cf754e1 (webtiles) character file.

Game seed: 12493483059275998751

25605 Andromeda the Severer (level 13, -6/112 (119) HPs)
             Began as a Hill Orc Fighter on Jan 27, 2023.
             Was a High Priest of Makhleb.
             Mangled by a pharaoh ant (21 damage)
             ... on level 1 of the Spider Nest.
             The game lasted 01:09:19 (13125 turns).

Andromeda the Severer (Hill Orc Fighter)           Turns: 13125, Time: 01:09:20

HP:   -6/112 (119)  AC: 22    Str: 24    XL:     13   Next: 20%
MP:   14/14         EV: 13    Int:  8    God:    Makhleb [*****.]
Gold: 881           SH:  5    Dex: 10    Spells: 12/12 levels left

rFire   . . .      SeeInvis .   N - +2 war axe (flame)
rCold   . . .      Faith    .   c - +0 buckler
rNeg    . . .      Spirit   .   k - +5 ring mail "Ficogrej" {Harm rPois Regen+}
rPois   +          Reflect  .   m - +2 hat
rElec   .          Harm     +   (no cloak)
rCorr   .          Rampage  .   (no gloves)
Will    .....                   (no boots)
Stlth   ++........              t - amulet of regeneration
HPRegen 1.88/turn               I - +4 ring of protection
MPRegen 0.14/turn               A - +4 ring of protection

@: drained
A: no striking features
a: Renounce Religion, Minor Destruction, Lesser Servant of Makhleb, Major
Destruction, Greater Servant of Makhleb


You were on level 1 of the Spider Nest.
You worshipped Makhleb.
Makhleb was extremely pleased with you.
You visited 3 branches of the dungeon, and saw 14 of its levels.
You also visited: Ossuary.

You collected 881 gold pieces.

Inventory:

Hand Weapons
 v - a +1 hand axe of freezing
 J - a +2 falchion of flaming
 N - a +2 war axe of flaming (weapon)
 Q - a +0 battleaxe
Armour
 c - a +0 buckler (worn)
 k - the +5 ring mail "Ficogrej" (worn) {Harm rPois Regen+}
   (You found it on level 2 of the Dungeon)

   rPois:     It protects you from poison.
   Regen:     It increases your rate of health regeneration.
   Harm:      It increases damage dealt and taken.
 m - a +2 hat (worn)
 u - a +0 plate armour
 O - +0 swamp dragon scales
 Z - a +1 robe of cold resistance
Jewellery
 b - a ring of positive energy
 q - a +6 ring of intelligence
 t - an amulet of regeneration (around neck)
 A - a +4 ring of protection (right hand)
 F - a +6 ring of intelligence
 I - a +4 ring of protection (left hand)
 R - a ring of ice
 S - the ring "Doagoydd" {Fire rN++}
   (You found it on level 9 of the Dungeon)

   [ring of fire]

   It enhances your fire magic.
   rF:        It protects you from fire.
   rC:        It makes you vulnerable to cold.
   rN:        It greatly protects you from negative energy.
 Y - a ring of magical power
Wands
 L - a wand of iceblast (17)
 P - a wand of paralysis (8)
 U - a wand of light (5)
Scrolls
 d - 3 scrolls of blinking
 f - 5 scrolls of fog
 l - a scroll of acquirement {unknown}
 o - a scroll of brand weapon
 p - 2 scrolls of noise
 s - 8 scrolls of teleportation
 w - a scroll of amnesia
 x - 5 scrolls of fear {unknown}
 y - a scroll of poison
 z - 3 scrolls of vulnerability
 C - 2 scrolls of enchant weapon {unknown}
 E - 3 scrolls of silence
 K - 3 scrolls of magic mapping {unknown}
 V - a scroll of summoning
 W - a scroll of immolation
 X - 3 scrolls of identify
Potions
 a - a potion of brilliance {unknown}
 e - 2 potions of magic
 g - 4 potions of haste
 h - a potion of berserk rage {unknown}
 i - 2 potions of flight {unknown}
 j - 4 potions of cancellation
 n - 5 potions of attraction
 r - 6 potions of heal wounds
 B - 3 potions of mutation {unknown}
 D - a potion of ambrosia {unknown}
 G - 2 potions of degeneration {unknown}
 H - a potion of invisibility {unknown}
 M - a potion of curing
 T - a potion of resistance


   Skills:
 + Level 12.8 Fighting
 + Level 17.5 Axes
 + Level 9.1 Armour
 + Level 7.2 Dodging
 + Level 3.5 Stealth
 + Level 8.2 Shields
 + Level 1.4 Invocations
 + Level 0.2 Evocations


You had 12 spell levels left.
You didn't know any spells.
Your spell library contained the following spells:

 Spells                   Type           Power      Damage    Failure   Level
 Gell's Gravitas          Tloc           0%         N/A       93%         3
 Lesser Beckoning         Tloc           0%         N/A       93%         3
 Ozocubu's Armour         Ice            0%         N/A       93%         3
 Teleport Other           Tloc           0%         N/A       93%         3
 Tukima's Dance           Hex            0%         N/A       93%         3
 Animate Dead             Necr           0%         N/A       100%        4
 Passage of Golubria      Tloc           0%         N/A       100%        4
 Borgnjor's Vile Clutch   Necr/Erth      0%         N/A       100%        5
 Yara's Violent Unravell  Hex/Tmut       0%         3d3       100%        5
 Death Channel            Necr           0%         N/A       100%        6
 Ozocubu's Refrigeration  Ice            0%         4d7       100%        7


Dungeon Overview and Level Annotations

Branches:
Dungeon (10/15)            Temple (0/1) D:6            Lair (3/5) D:10
  Swamp (0/4) Lair:2       Spider (1/4) Lair:3      Ossuary (visited)
    Orc: D:9-12

Altars:
Ashenzari
Cheibriados
Elyvilon
Fedhas
Hepliaklqana
Kikubaaqudgha
Makhleb
Nemelex Xobeh
Qazlal
Ru
Vehumet
Xom
Yredelemnul
The Shining One

Shops:
D:3 (   D:6 :   D:8 (


Message History

You hit the pharaoh ant but do no damage.
You hit the culicivora but do no damage.
You hit the wolf spider but do no damage.
The culicivora bites you but does no damage.
The wolf spider hits you!
The wolf spider bites you but does no damage.
The pharaoh ant completely misses you.
Read: 2 scrolls of poison
Press: ? - help, Q - select action, (/) - cycle Dir - look around, f - activate Look: a pharaoh ant The air fills with toxic fumes!
As you read the scroll of poison, it crumbles to dust.
The culicivora bites you.
The culicivora draws strength from your injuries!
The wolf spider hits you but does no damage.
The wolf spider barely misses you. You block the pharaoh ant's attack.
The culicivora barely misses you.
The wolf spider hits you but does no damage.
The wolf spider bites you but does no damage.
You barely miss the pharaoh ant. You completely miss the culicivora.
You hit the wolf spider. You burn the wolf spider.
The pharaoh ant barely misses you. The culicivora bites you.
The culicivora draws strength from your injuries!
The wolf spider closely misses you. The wolf spider bites you!
Aiming: Paralyse
Press: ? - help, Q - select action, (/) - cycle Shift-Dir - straight line, f/p - pharaoh ant
Aim: a pharaoh ant (chance to affect: 17%)
The pharaoh ant resists with almost no effort.
The pharaoh ant bites you!!
* * * LOW HITPOINT WARNING * * *
The culicivora bites you!
* * * LOW HITPOINT WARNING * * *
The culicivora draws strength from your injuries!
The wolf spider misses you.
The wolf spider bites you but does no damage.
The pharaoh ant bites you but does no damage.
You feel better. The culicivora barely misses you.
The wolf spider barely misses you. The wolf spider closely misses you.
The pharaoh ant bites you!!
You die...

##.........##
##§§§§§§§....#
#§§§§§§§§....##
#§§§§§§§§.....#
##§§§§§§§§.....##
#§§§§§§§§§......#
#§§§§§§§§§......##
##§§§§§§§§§.......#
#§§@§§§§§§§.......#
#§sBs§§§§§§.......#
#§§§§§§§§§§§.<....##
#§§§§§§§§§§§.....##
#§§§§§§§§§§§§.....#
##§§§§§§§§§§§....##
##§§§§#§§§§######
#§§§§§§§### ....


You could see a wolf spider, a culicivora and a pharaoh ant.

Vanquished Creatures
  Gastronok (D:8)
  Fannar (Lair:2)
  A cyclops (D:10)
  A slime creature (D:7)
  19 elephants
  Joseph (D:9)
  2 black mambas
  5 cane toads
  A kobold demonologist (D:9)
  10 komodo dragons
  A troll (D:9)
  A hornet (D:10)
  2 polar bears
  7 blink frogs
  A jumping spider (Lair:3)
  5 wyverns
  15 yaks
  A culicivora (Lair:3)
  3 basilisks
  Menkaure (D:7)
  5 water moccasins
  3 orc warriors
  2 ice beasts
  2 black bears
  A sky beast (D:6)
  A swamp drake (D:10)
  An ogre (D:6)
  A phantom (D:5)
  A centaur (D:9)
  5 kobold brigands
  5 bullfrogs
  A gnoll sergeant (D:8)
  A wyvern zombie (D:8)
  2 necrophages (D:8)
  10 scorpions
  11 wights (D:8)
  5 killer bees (D:8)
  An electric eel (Lair:2)
  A howler monkey (D:5)
  A crimson imp (D:3)
  6 centaur zombies
  5 jellies
  4 human zombies
  6 hounds
  4 orc priests
  2 gnoll boudas
  2 scorpion zombies (Ossuary)
  An iguana (D:4)
  6 orc wizards
  2 killer bee zombies
  4 mummies
  10 gnolls
  15 adders
  A white imp (D:6)
  2 ufetubi
  3 worms
  3 dart slugs
  32 orcs
  11 ball pythons
  7 bats
  10 endoplasms
  3 giant cockroaches
  3 gnoll zombies (Ossuary)
  13 goblins
  10 hobgoblins
  4 jackals (D:1)
  5 quokkas
  2 frilled lizards (D:2)
  3 goblin zombies
  3 hobgoblin zombies (Ossuary)
  24 kobolds
  2 kobold zombies (Ossuary)
  2 orc zombies (Ossuary)
  8 rats
  A rat zombie (D:5)
358 creatures vanquished.

Vanquished Creatures (collateral kills)
  The ghost of diceflayer the Shooter, an amateur DsHu (D:3)
1 creature vanquished.

Vanquished Creatures (others)
  Maggie (D:7)
  A gnoll (D:7)
  A kobold (D:7)
  A butterfly (D:4)
  6 fungi
  33 plants
  10 toadstools (D:7)
53 creatures vanquished.

Grand Total: 412 creatures vanquished

Notes
Turn   | Place    | Note
-------+----------+-------------------------------------------
     0 | D:1      | Andromeda the Hill Orc Fighter began the quest for the Orb.
     0 | D:1      | Reached XP level 1. HP: 19/19 MP: 1/1
    91 | D:1      | Reached XP level 2. HP: 25/27 MP: 2/2
   164 | D:1      | Reached skill level 3 in Axes
   403 | D:1      | Reached XP level 3. HP: 28/33 MP: 3/3
  1004 | D:2      | Identified the +5 ring mail "Ficogrej" {Harm rPois Regen+}
  1188 | D:2      | Reached skill level 4 in Axes
  1319 | D:2      | Reached XP level 4. HP: 40/40 MP: 4/4
  1656 | D:3      | Reached skill level 1 in Dodging
  1711 | D:3      | Reached XP level 5. HP: 46/47 MP: 5/5
  1882 | D:3      | Found a burning altar of Makhleb.
  1882 | D:3      | Found a radiant altar of Vehumet.
  1888 | D:3      | Reached skill level 5 in Axes
  1900 | D:3      | Became a worshipper of Makhleb the Destroyer
  2142 | D:3      | Found a runed translucent gate.
  2143 | D:3      | Found a runed translucent gate.
  2143 | D:3      | Found a runed translucent gate.
  2147 | D:3      | Noticed diceflayer's ghost (amateur DsHu)
  2266 | D:3      | Reached XP level 6. HP: 45/53 MP: 6/6
  2268 | D:3      | Killed diceflayer's ghost
  2269 | D:3      | Reached skill level 6 in Axes
  2541 | D:3      | Found Lysaggup's Weapon Boutique.
  3056 | D:4      | Noticed a wyvern
  3063 | D:4      | Killed a wyvern
  3064 | D:4      | Reached skill level 7 in Axes
  3064 | D:4      | Reached XP level 7. HP: 50/60 MP: 7/7
  3123 | D:4      | Found a white marble altar of Elyvilon.
  3176 | D:4      | Reached skill level 8 in Axes
  3375 | D:4      | Reached * piety under Makhleb
  3806 | D:4      | Reached skill level 5 in Fighting
  3913 | D:5      | Entered Level 5 of the Dungeon
  4065 | D:5      | Reached XP level 8. HP: 68/68 MP: 8/8
  4084 | D:5      | Found a sparkling altar of Nemelex Xobeh.
  4110 | D:5      | Found a sacrificial altar of Ru.
  4124 | D:5      | Reached skill level 5 in Armour
  4445 | D:5      | Found a stormy altar of Qazlal.
  4495 | D:5      | Found a sand-covered staircase.
  4510 | Ossuary  | Entered an ossuary
  4628 | Ossuary  | Reached skill level 9 in Axes
  4687 | Ossuary  | Reached ** piety under Makhleb
  4763 | Ossuary  | Reached skill level 10 in Axes
  5129 | D:5      | Found a shimmering altar of Xom.
  5350 | D:6      | Reached XP level 9. HP: 38/78 MP: 9/9
  5385 | D:6      | Found a staircase to the Ecumenical Temple.
  5655 | D:6      | Reached skill level 11 in Axes
  5665 | D:6      | Found Zuivouf's Book Shoppe.
  5720 | D:6      | Reached skill level 5 in Shields
  5742 | D:6      | Found a hazy altar of Hepliaklqana.
  5899 | D:6      | Identified the +9 dagger of the Lonely Xalams {flame, rPois
                  | Stlth+}
  5987 | D:6      | Reached *** piety under Makhleb
  6229 | D:7      | Noticed a smoke demon
  6274 | D:7      | Noticed Menkaure
  6292 | D:7      | Killed Menkaure
  6532 | D:7      | Found a broken altar of Ashenzari.
  6741 | D:7      | Killed a large slime creature
  6742 | D:7      | Reached XP level 10. HP: 60/88 MP: 10/10
  6748 | D:7      | Reached skill level 12 in Axes
  6800 | D:7      | Identified the +7 quarterstaff "Sotaukau" {holy, rElec
                  | Int+2}
  6944 | D:7      | Found a glowing golden altar of the Shining One.
  7074 | D:7      | Identified the +0 chain mail "Bacoclie" {rPois Will+}
  7163 | D:7      | Noticed Maggie
  7176 | D:7      | Killed Maggie
  7177 | D:7      | Reached skill level 1 in Stealth
  7177 | D:7      | Reached skill level 1 in Invocations
  7677 | D:8      | Reached **** piety under Makhleb
  7678 | D:8      | Reached skill level 13 in Axes
  7909 | D:8      | Noticed Gastronok
  7936 | D:8      | Killed Gastronok
  8018 | D:8      | Reached XP level 11. HP: 95/97 MP: 12/12
  8126 | D:8      | Found Aluruqan's Antique Weapon Emporium.
  8222 | D:8      | Reached skill level 14 in Axes
  8297 | D:8      | Found an ancient bone altar of Kikubaaqudgha.
  8439 | D:9      | Noticed Joseph
  8448 | D:9      | Killed Joseph
  8711 | D:9      | Found a blossoming altar of Fedhas.
  8711 | D:9      | Found a snail-covered altar of Cheibriados.
  8814 | D:9      | Reached skill level 5 in Dodging
  8858 | D:9      | Identified the ring "Doagoydd" {Fire rN++}
  8982 | D:9      | Reached skill level 10 in Fighting
  9118 | D:9      | Found a basalt altar of Yredelemnul.
  9191 | D:10     | Entered Level 10 of the Dungeon
  9191 | D:10     | Noticed a cyclops
  9200 | D:10     | Killed a cyclops
  9408 | D:10     | Found a staircase to the Lair.
  9721 | D:10     | Reached skill level 15 in Axes
 10160 | Lair:1   | Entered Level 1 of the Lair of Beasts
 10207 | Lair:1   | Reached ***** piety under Makhleb
 10298 | Lair:1   | Found a frozen archway.
 10373 | Lair:1   | Reached XP level 12. HP: 70/108 MP: 13/13
 10584 | Lair:1   | Reached skill level 16 in Axes
 11506 | Lair:2   | Noticed Fannar
 11523 | Lair:2   | Killed Fannar
 11689 | Lair:2   | Identified the +1 dagger "Loblim" {freeze, Fragile +Blink
                  | rN+ Will+}
 11738 | Lair:2   | Found a staircase to the Swamp.
 11827 | Lair:2   | Reached skill level 17 in Axes
 12364 | Lair:3   | Reached XP level 13. HP: 119/119 MP: 14/14
 12510 | Lair:3   | Found a hole to the Spider Nest.
 13097 | Spider:1 | Entered Level 1 of the Spider Nest
 13124 | Spider:1 | HP: 3/112 [culicivora (13)]
 13125 | Spider:1 | Mangled by a pharaoh ant

Illustrated notes

Levels and vault maps discovered:
D:1:      lightli_arrival_isolated_outpost, layout_basic,
          ebering_dispersal_statue_hall, st_stairs_7, minmay_tree_intersection
D:2:      layout_loops_ring, serial_bayou_lagoon_a
D:3:      layout_basic, grunt_temple_overflow_lords_of_destruction,
          gammafunk_ghost_necromancy, serial_shops,
          nicolae_shop_bloodbath_and_beyond, grunt_ministairs_12
D:4:      minmay_razor_zed, layout_basic, nicolae_elyvilon_peaceful_grove
D:5:      layout_cave_pods, overflow_temple_1_default, hangedman_ru_absence,
          grunt_qazlal_clouds, lemuel_tele_altar, enter_ossuary_4
D:6:      cheibrodos_thug_alley, layout_basic,
          worldfamousw_hep_ancestral_shrine,
          minmay_temple_entry_drinking_statues, serial_shops, shop,
          lightli_sewer_entry_pipes
D:7:      cheibrodos_fertilizer, layout_basic, mainiacjoe_overflow_paths,
          nicolae_tso_carved_into_rock, serial_rivers,
          chequers_serial_rivers_large_b, chequers_serial_rivers_marsh,
          chequers_serial_rivers_marsh, chequers_serial_rivers_room_a,
          chequers_serial_rivers_micro_d, chequers_serial_rivers_small_3,
          uniq_maggie, uniq_menkaure
D:8:      layout_gridville, lemuel_mausoleum_altar_kikubaaqudgha, serial_shops,
          nicolae_shop_window_shopping, uniq_gastronok
D:9:      layout_roguey, gammafunk_temple_overflow_statue, lemuel_crystal_altar,
          uniq_joseph
D:10:     layout_long_grid, erik_lair_dragon, hangedman_decor_clover_reticule,
          minmay_misc_feat_enclosed, hangedman_decor_growths,
          minmay_misc_feat_nine_boxes
Lair:1:   layout_chaotic_city, portal_ice_cave_entry_pillars_2,
          chequers_serial_rivers_micro_a, serial_bayou_pond_d,
          grunt_megastairs_3
Lair:2:   layout_hall_layers, swamp_mist, minmay_holes,
          infiniplex_staircase_pool, uniq_fannar
Lair:3:   layout_hall_layers, spider_nest_entry_funnel_web,
          infiniplex_staircase_pool_2, lemuel_fruit_fields, lemuel_fruit_fields
Spider:1: layout_cave_pods

Skill      XL: |  1  2  3  4  5  6  7  8  9 10 11 12 13 |
---------------+----------------------------------------+-----
Axes           | 3 4 5 7 8 10 11 13 15 17 | 17.5
Fighting       | 4 5 6 7 9 10 12 | 12.8
Armour         | 4 5 6 7 8 9 |  9.1
Dodging        | 1 2 3 4 5 6 7 |  7.2
Shields        | 4 5 6 7 8 |  8.2
Stealth        | 2 3 |  3.5
Invocations    | 1 |  1.4
Evocations     | |  0.2

Action                   |  1- 3 |  4- 6 |  7- 9 | 10-12 | 13-15 || total
-------------------------+-------+-------+-------+-------+-------++-------
Melee: War axe           |    91 |   119 |    26 |   480 |    61 ||   777
       Hand axe          |       |       |   429 |    14 |       ||   443
Invok: Minor Destruction |       |       |     1 |       |       ||     1
       Lesser Servant of |       |       |     1 |       |       ||     1
Evoke: Wand              |       |     1 |     1 |       |     2 ||     4
  Use: Scroll            |       |     7 |    11 |     3 |     1 ||    22
       Potion            |       |     1 |     9 |     5 |     1 ||    16
 Stab: Distracted        |       |       |     1 |       |       ||     1
       Sleeping          |       |       |       |     3 |       ||     3
       Paralysed         |       |       |       |       |     1 ||     1
Armor: Scale mail        |    61 |       |       |       |       ||    61
       Ring mail         |    11 |    64 |   150 |   178 |    26 ||   429
       Skin              |       |       |     3 |    79 |       ||    82
Dodge: Dodged            |    79 |    78 |   194 |   208 |    34 ||   593
Block: Buckler           |    46 |    30 |   101 |   130 |    10 ||   317
